Map: Interloper LE

Players

Vicius

  • Race: Terran Terran
  • League: Diamond
  • Spawn Location: 5:00

Yata - Winner!

  • Race: Zerg Zerg
  • League: Platinum
  • Spawn Location: 11:00

VOD

Have the link to the VOD?

Description

Time

  • Played on: Sept. 12, 2017, 8:12 p.m.
  • Length: 10:37
Show
View Real Time Build Order
Export as new Build Order

Vicius Terran 

Build Orders:  

Get SALT Encoding   

  12  0:01  SCV  
  13  0:13  SCV  
  14  0:25  Supply Depot  
  14  0:26  SCV  
  15  0:38  Supply Depot  
  15  0:48  Barracks  
  15  0:52  SCV  
  16  1:03  Refinery  
  16  1:04  SCV  
  16  1:08  Refinery  
  17  1:16  SCV  
  18  1:40  Barracks  
  18  1:50  Orbital Command  
  18  2:01  Factory  
  18  2:09  Reaper  
  19  2:29  SCV  
  20  2:39  Reaper  
  20  2:41  SCV  
  22  2:44  Factory Reactor  
  22  2:51  Reaper  
  23  2:53  SCV  
  23  2:57  Command Center  
  24  3:05  SCV  
  25  3:12  Supply Depot  
  25  3:14  Supply Depot  
  25  3:17  SCV  
  27  3:21  Barracks Tech Lab  
  26  3:30  SCV  
  27  3:42  SCV  
  27  3:47  Hellion x2  
  32  4:01  Supply Depot  
  29  4:08  Hellion x2  
  33  4:11  Engineering Bay  
  33  4:26  Bunker  
  33  4:28  Supply Depot  
  33  4:30  Hellion  
  35  4:54  SCV x2  
  37  5:06  SCV x2  
  35  5:18  SCV  
  35  5:19  SCV  
  37  5:23  Barracks Tech Lab  
  37  5:24  Barracks  
  37  5:25  Barracks  
  37  5:27  Starport  
  37  5:30  SCV  
  37  5:31  SCV  
  38  5:41  Marine x2  
  38  5:42  SCV  
  40  5:43  SCV  
  41  5:50  Terran Infantry Weapons Level 1  
  41  5:53  Widow Mine  
  41  5:54  SCV  
  41  5:55  SCV  
  39  6:06  SCV  
  39  6:07  Marine x2, SCV  
  43  6:19  SCV  
  43  6:25  Marine x2  
  41  6:32  Marine x2  
  39  6:43  Marine x2  
  41  6:50  Marine x2  
  42  7:01  Marine x2  
  45  7:11  Refinery  
  45  7:12  Refinery  
  45  7:15  Combat Shields  
  46  7:17  Stimpack  
  46  7:19  Marine  
  46  7:20  Barracks Reactor x2  
  46  7:22  Starport Reactor  
  45  7:24  SCV  
  46  7:36  SCV  
  47  7:37  Widow Mine x2  
  51  7:48  SCV  
  51  7:49  Supply Depot  
  52  7:58  Orbital Command  
  52  8:00  SCV  
  53  8:06  Widow Mine x2  
  53  8:08  Marine  
  53  8:09  Marine x5  
  53  8:12  Medivac, SCV  
  66  8:26  Marine  
  66  8:27  Marine  
  67  8:28  SCV  
  67  8:29  SCV  
  70  8:34  Widow Mine, Marine x3  
  70  8:36  Marine  
  70  8:41  SCV x2  
  78  8:53  SCV x2  
  78  8:55  Medivac  
  82  8:56  Marauder  
  82  8:57  Marauder  
  80  9:05  SCV x2  
  75  9:13  Marine  
  75  9:14  Marine x2  
  78  9:23  Supply Depot  
  78  9:24  Supply Depot  
  78  9:25  Supply Depot  
  78  9:27  Supply Depot  
  78  9:34  Engineering Bay  
  78  9:45  SCV x2, Marine, Marauder x2  
  85  9:48  Widow Mine  
  85  9:49  Widow Mine  
  89  9:57  Bunker  
  87  10:05  Missile Turret  
  87  10:07  Marauder x2  
  86  10:15  Marine  
  86  10:16  Marine  
Show
View Real Time Build Order
Export as new Build Order

Yata Zerg - Winner!

Build Orders: Hatch First 

Get SALT Encoding   

  12  0:01  Drone  
  13  0:13  Overlord  
  13  0:23  Drone  
  14  0:33  Drone x2  
  14  0:35  Drone  
  17  0:54  Hatchery  
  16  0:57  Drone  
  16  1:02  Drone  
  18  1:11  Extractor  
  18  1:16  Spawning Pool  
  16  1:20  Drone  
  16  1:23  Drone  
  18  1:28  Drone  
  19  1:39  Overlord  
  19  1:51  Drone  
  20  2:02  Drone  
  20  2:04  Queen  
  20  2:06  Queen  
  25  2:12  Zergling x4  
  25  2:14  Metabolic Boost  
  27  2:18  Drone  
  28  2:25  Drone  
  28  2:28  Drone  
  30  2:33  Drone  
  31  2:51  Baneling Nest  
  31  2:52  Drone  
  31  2:53  Drone  
  31  2:54  Evolution Chamber  
  31  2:55  Drone x2  
  33  3:06  Zergling x4  
  33  3:11  Overlord  
  35  3:12  Overlord  
  35  3:16  Pneumatized Carapace  
  35  3:23  Extractor  
  34  3:29  Zergling x2  
  34  3:30  Zergling x12  
  39  3:41  Baneling x2  
  39  3:50  Drone x7  
  39  3:51  Drone  
  47  3:59  Drone x2  
  49  4:05  Zerg Melee Weapons Level 1  
  49  4:20  Zergling x6  
  52  4:24  Overlord x2  
  52  4:25  Overlord  
  52  4:34  Queen  
  50  4:43  Zergling x10  
  50  4:44  Zergling x2  
  54  4:50  Lair  
  54  4:51  Roach Warren  
  52  4:55  Baneling x4  
  52  4:57  Zergling x4  
  52  5:10  Zergling x8  
  52  5:11  Zergling x2  
  54  5:30  Extractor  
  54  5:34  Roach  
  54  5:35  Roach x4  
  63  5:36  Hatchery  
  62  5:51  Queen  
  62  5:54  Glial Reconstitution  
  58  6:34  Roach  
  58  6:35  Roach x8  
  73  7:05  Queen  
  73  7:18  Drone x8  
  73  7:19  Overlord x3  
  73  7:20  Overlord  
  81  7:24  Zerg Missile Weapons Level 1  
  81  7:33  Overlord x3  
  81  7:37  Queen  
  83  7:46  Roach x5  
  83  7:47  Roach x4  
  83  7:49  Overseer  
  101  7:52  Overseer  
  101  8:12  Tunneling Claws  
  101  8:38  Roach  
  101  8:39  Roach x13  
  128  8:50  Hatchery  
  126  9:00  Roach  
  126  9:01  Roach x2  
  108  9:10  Roach x2  
  108  9:11  Roach x7  
  126  9:28  Evolution Chamber  
  125  9:42  Ravager x3  
  125  9:44  Queen  
  130  9:49  Overlord x4  
  130  9:50  Overlord x2  
  122  10:16  Zergling x14  
  122  10:17  Zergling x16  
Tags
 
Matchup
TvZ
Replay Pack
Pack 1
Spawn Locations
Cross Positions
Add a new tag
Caveats
  • Supply blocks, unpowered buildings, or Contaminate may cause inaccurate times.
  • Supply counts are checked every 10 seconds.